 Dungeon Crawl Stone Soup version 0.31-a0-810-ga77100ea1a (webtiles) character file.

Game seed: 16986302717215362625

2550 LeprechaunX the Changeling (level 9, -2/54 HPs)
             Began as an Octopode Shapeshifter on Sept 21, 2023.
             Was a Believer of Hepliaklqana.
             Engulfed by a steam dragon's steam (7 damage)
             ... on level 8 of the Dungeon.
             The game lasted 00:14:19 (8067 turns).

LeprechaunX the Changeling (Octopode Shapeshifter)  Turns: 8067, Time: 00:14:19

Health: -2/54      AC:  1    Str: 22    XL:     9   Next: 56%
Magic:  21/21      EV: 14    Int: 12    God:    Hepliaklqana [**....]
Gold:   356        SH: 10    Dex: 13    Spells: 8/8 levels left

rFire   . . .        a - +0 sling
rCold   . . .        w - +0 buckler
rNeg    . . .        (helmet currently unavailable)
rPois   .            B - amulet of reflection
rElec   .            i - ring of flight
rCorr   .            k - ring of magical power
SInv    .            s - ring of willpower
Will    +....        C - +6 ring of strength
Stlth   ++           (no ring)
HPRegen 0.29/turn    (no ring)
MPRegen 0.17/turn    (no ring)
                     (no ring)

%: reflection
@: beast-form, flying
A: beast (slay +4), reduced essence, almost no armour, amphibious, 8 rings,
camouflage 1, gelatinous body 1, (nimble swimmer 1), tentacles
a: Begin Untransformation, Renounce Religion, Recall Ancestor, Ancestor Identity


You were on level 8 of the Dungeon.
You worshipped Hepliaklqana.
Hepliaklqana was pleased with you.
You were a hulking beast.
You visited 2 branches of the dungeon, and saw 9 of its levels.

You collected 410 gold pieces.
You spent 54 gold pieces at shops.

Inventory:

Hand Weapons
 a - a +0 sling (weapon)
Armour
 w - a +0 buckler (worn)
Jewellery
 i - a ring of flight (left tentacle)
 k - a ring of magical power (right tentacle)
 s - a ring of willpower (on tentacle)
 y - a ring of fire
 B - an amulet of reflection (around mantle)
 C - a +6 ring of strength (on tentacle)
Talismans
 b - a beast talisman (active)
 c - a flux talisman
Wands
 D - a wand of iceblast (11)
 E - a wand of flame (25)
Scrolls
 d - 2 scrolls of fear {unknown}
 e - 6 scrolls of identify {unknown}
 h - 3 scrolls of teleportation {unknown}
 m - a scroll of torment {unknown}
 o - a scroll of enchant armour {unknown}
 p - 2 scrolls of enchant weapon {unknown}
 q - a scroll of blinking {unknown}
 v - a scroll of revelation {unknown}
 F - a scroll of noise {unknown}
Potions
 f - a potion of brilliance {unknown}
 g - 2 potions of magic {unknown}
 j - 2 potions of attraction {unknown}
 l - 4 potions of curing {unknown}
 n - a potion of enlightenment {unknown}
 r - a potion of might {unknown}
 t - a potion of lignification
 u - a potion of resistance {unknown}
 x - a potion of degeneration {unknown}
 z - a potion of heal wounds {unknown}
 A - 2 potions of ambrosia {unknown}


   Skills:
 + Level 5.2 Fighting
 - Level 4.0 Dodging
 + Level 4.0 Shields
 + Level 5.9 Unarmed Combat
 + Level 4.4 Invocations
 * Level 7.5 Shapeshifting


You had 8 spell levels left.
You didn't know any spells.
Your spell library contained the following spells:

 Spells                   Type           Power      Damage    Failure   Level
 Ozocubu's Armour         Ice            0%         N/A       75%         3
 Ozocubu's Refrigeration  Ice            0%         4d7       100%        7


Dungeon Overview and Level Annotations

Branches:
Dungeon (8/15)             Temple (1/1) D:4
   Lair: D:8-11

Altars:
Ashenzari
Cheibriados
Dithmenos
Elyvilon
Fedhas
Gozag
Hepliaklqana
Makhleb
Okawaru
Qazlal
Ru
Sif Muna
Trog
Vehumet
Wu Jian
Xom
Yredelemnul
Zin
The Shining One

Shops:
D:1 ::   D:5 [

Annotations:
D:5 2 transporters, Palms's ghost, amateur MiGl


Innate Abilities, Weirdness & Mutations

You are a hulking beast.
Your limbs bulge with bestial killing power. (Slay +4)
Your life essence is reduced to manifest your ancestor. (-10% HP)
You cannot wear most types of armour.
You are amphibious.
You can wear up to eight rings at the same time.
Your skin changes colour to match your surroundings (Stealth+).
Your rubbery body absorbs attacks. (AC +1, EV +1)
((You are camouflaged when in or above water. (Stealth+)))
You have tentacles for arms and can constrict up to eight enemies at once.


Message History

You shoot a sling bullet. Manelesi avoids your attack.
The sling bullet hits the orc priest.
The orc priest is heavily wounded.
The orc priest hits Manelesi with a +0 hand axe.
Manelesi hits the orc priest with a +0 dagger of draining.
Manelesi hits the orc priest with a +0 dagger of draining!
The orc priest dies!
A steam dragon comes into view.
Manelesi casts a spell at the steam dragon.
The steam dragon resists with some effort.
You shoot a sling bullet. Manelesi avoids your attack.
The sling bullet hits the steam dragon but does no damage.
The steam dragon bites Manelesi!
Manelesi is destroyed!
You shoot a sling bullet.
The sling bullet closely misses the steam dragon.
An orc wizard comes into view. It is wielding a +0 dagger.
The steam dragon breathes steam at you. The ball of steam hits you!
You hear a shout!
Unknown command.
The orc wizard mumbles some strange words.
The orc wizard flickers and vanishes!
Deactivating autopickup; reactivate with Ctrl-A.
You hear a shout!
Things that are here:
a +0 short sword; 8 poisoned darts The steam dragon breathes steam at you.
The ball of steam hits you!
* * * LOW HITPOINT WARNING * * *
You hear a shout!
You are engulfed in a cloud of scalding steam.
* * * LOW HITPOINT WARNING * * *
Things that are here:
a +0 dagger; a curare-tipped dart; a kobold corpse The steam dragon breathes steam at you.
The ball of steam misses you.
There is a stone staircase leading up here.
You are engulfed in a cloud of scalding steam.
You die...

#..)# #...# #...#
######...# #........#
########.####...#
#.....#..# #...#
#.....#.#####...#
#.....#.h......##
#......).§.§...#
#.....##..§§...# .##
#.....##..§....# ....
#.....###.#D##.###..##
#########)#..#.#......
###))#).#...#
#..).##)))...#
#..###.......##


You could see a steam dragon (catching breath).

Vanquished Creatures
  A water moccasin (D:7)
  A black bear (D:7)
  An ice beast (D:6)
  A sky beast (D:7)
  An orc warrior (D:6)
  3 ogres
  2 kobold brigands (D:8)
  A bullfrog (D:6)
  3 scorpions
  A howler monkey (D:7)
  2 hounds
  2 orc priests
  A sleepcap (D:5)
  An iguana (D:4)
  7 orc wizards
  4 adders
  A shadow imp (D:5)
  2 white imps (D:6)
  5 ufetubi
  3 worms
  5 dart slugs
  26 orcs
  4 bats
  5 endoplasms
  A giant cockroach (D:1)
  7 hobgoblins
  5 jackals
  5 quokkas
  7 ball pythons
  2 frilled lizards
  5 goblins
  10 kobolds
  4 rats
129 creatures vanquished.

Vanquished Creatures (collateral kills)
  Sigmund (D:4)
  A wraith (D:7)
  A water moccasin (D:6)
  2 sky beasts (D:7)
  A centaur (D:7)
  3 howler monkeys (D:8)
  An orc priest (D:8)
  An iguana (D:6)
  An ufetubus (D:6)
  2 orcs (D:8)
  2 kobolds (D:8)
16 creatures vanquished.

Vanquished Creatures (others)
  A hexer (D:8)
  3 ancestors
4 creatures vanquished.

Grand Total: 149 creatures vanquished

Notes
Turn   | Place    | Note
-------+----------+-------------------------------------------
     0 | D:1      | LeprechaunX the Octopode Shapeshifter began the quest for
                  | the Orb.
     0 | D:1      | Reached XP level 1. HP: 13/13 MP: 1/1
   192 | D:1      | Reached XP level 2. HP: 18/18 MP: 2/2
   194 | D:1      | Found Giwav's Book Emporium.
   419 | D:1      | You fall into a shaft and drop 1 floor!
   722 | D:1      | Reached XP level 3. HP: 23/23 MP: 3/3
   748 | D:1      | Found Ysopa's Book Shop.
  1902 | D:3      | Reached XP level 4. HP: 29/29 MP: 4/4
  2816 | D:4      | Reached skill level 4 in Shapeshifting
  2816 | D:4      | Reached XP level 5. HP: 27/34 MP: 5/5
  3366 | D:4      | Found a staircase to the Ecumenical Temple.
  3392 | Temple   | Entered the Ecumenical Temple
  3399 | Temple   | Became a worshipper of Hepliaklqana the Forgotten
  3510 | D:4      | Reached XP level 6. HP: 35/41 MP: 6/6
  3624 | D:4      | Noticed Sigmund
  4019 | D:5      | Entered Level 5 of the Dungeon
  4184 | D:5      | Found Sexagh's Armour Shoppe.
  4192 | D:5      | Bought a +0 buckler for 54 gold pieces
  4345 | D:5      | Found a transporter.
  4348 | D:5      | Found a transporter.
  4348 | D:5      | Noticed Palms's ghost (amateur MiGl)
  4351 | D:5      | Noticed an acid dragon
  4372 | D:5      | Reached skill level 5 in Shapeshifting
  4372 | D:5      | Reached XP level 7. HP: 23/46 MP: 7/7
  4486 | D:5      | Reached skill level 1 in Invocations
  4549 | D:5      | Reached * piety under Hepliaklqana
  4771 | D:5      | Found a burning altar of Makhleb.
  4940 | D:5      | Reached skill level 1 in Shields
  5033 | D:5      | Found a shadowy altar of Dithmenos.
  5395 | D:4      | Killed Sigmund
  5822 | D:6      | Reached XP level 8. HP: 39/48 MP: 9/9
  5983 | D:6      | Found a glowing silver altar of Zin.
  6052 | D:6      | Reached skill level 6 in Shapeshifting
  6174 | D:6      | Found a stormy altar of Qazlal.
  6175 | D:6      | Found an ornate altar of the Wu Jian Council.
  6176 | D:6      | Found a basalt altar of Yredelemnul.
  6176 | D:6      | Found a snail-covered altar of Cheibriados.
  6178 | D:6      | Found a shimmering altar of Xom.
  6181 | D:6      | Reached skill level 5 in Unarmed Combat
  6219 | D:6      | Found a sacrificial altar of Ru.
  6503 | D:6      | Reached ** piety under Hepliaklqana
  6834 | D:6      | Remembered your ancestor Manelesi as a hexer
  7039 | D:7      | Noticed a wraith
  7047 | D:7      | Killed a wraith
  7048 | D:7      | Reached XP level 9. HP: 50/53 MP: 11/11
  7091 | D:7      | Reached skill level 7 in Shapeshifting
  7297 | D:7      | Reached skill level 5 in Fighting
  7696 | D:7      | Found a radiant altar of Vehumet.
  8067 | D:8      | Engulfed by a steam dragon's steam

Illustrated notes

Levels and vault maps discovered:
D:1:      mushboom_english_gardens, layout_basic, serial_shops,
          nicolae_square_shop, nicolae_shop_tiny_waterfront, serial_aquarium,
          aquarium_bridge_straight [aquarium_subvault_bridge,
          aquarium_subvault_window, aquarium_subvault_bridge,
          aquarium_subvault_balcony], aquarium_bridge_long_joined
          [aquarium_subvault_wall, aquarium_subvault_window,
          aquarium_subvault_wall, aquarium_subvault_bridge,
          aquarium_subvault_wall, aquarium_subvault_wall], aquarium_window_2,
          aquarium_window_1, aquarium_window_double, aquarium_window_3,
          aquarium_view_2d, chequers_serial_rivers_room_b
D:2:      layout_loops_cross, minmay_gold_behind_fungi, st_stairs_9,
          minivault_23, minmay_misc_feat_secret_circle, hangedman_glass_teeth,
          chequers_serial_rivers_large_a, roderic_roman_lattice
D:3:      layout_loops_corners
D:4:      layout_basic, minmay_temple_entry_mist, serial_rivers,
          chequers_serial_rivers_micro_a, chequers_serial_rivers_micro_a,
          chequers_serial_rivers_micro_c, chequers_serial_rivers_room_b,
          uniq_sigmund
D:5:      layout_loops_corners, nicolae_overflow_hidden_temple,
          mainiacjoe_overflow_alcove_2, serial_shops, nicolae_shop_waterfront,
          gammafunk_ghost_arena
D:6:      layout_gridville, minitemple
D:7:      layout_loops_ring, lemuel_doored_altar
D:8:      layout_rooms, grunt_tough_drop, uniq_erica
Temple:   nicolae_temple_cloud_nine

Skill      XL: |  1  2  3  4  5  6  7  8  9 |
---------------+----------------------------+-----
Fighting       | 2 3 4 5 |  5.2
Shapeshifting  | 4 5 6 7 |  7.5
Dodging        | 3 4 |  4.0
Unarmed Combat | 4 5 |  5.9
Invocations    | 2 3 4 |  4.4
Shields        | 1 3 4 |  4.0

Action                     |  1- 3 |  4- 6 |  7- 9 || total
---------------------------+-------+-------+-------++-------
  Melee: Unarmed           |    76 |   107 |    96 ||   279
         Constrict         |    22 |    26 |    24 ||    72
         Tentacles         |    15 |    22 |    32 ||    69
         Punch             |       |     5 |     5 ||    10
   Fire: Sling             |       |     5 |    67 ||    72
 Invoke: Ancestor Life: He |       |       |     1 ||     1
   Stab: Sleeping          |     8 |     8 |     3 ||    19
 Armour: Skin              |    28 |    57 |    45 ||   130
  Dodge: Dodged            |    39 |    53 |    32 ||   124
  Block: Buckler           |       |       |    26 ||    26
         Reflection        |       |       |     1 ||     1

Table legend: (Time is in decaauts)
 A = Elapsed time spent in this place.
 B = Non-inter-level travel time spent in this place.
 C = Inter-level travel time spent in this place.
 D = Time resting spent in this place.
 E = Time spent auto-exploring this place.
 F = Levels seen in this place.
 G = Mean time per level.
                   A        B        C        D        E       F      G
               +--------+--------+--------+--------+--------+-----+--------+
         Total |   8083 |   7615 |    468 |    717 |   5706 |   9 |  898.1 |
       Dungeon |   7985 |   7517 |    468 |    633 |   5706 |   8 |  998.1 |
        Temple |     98 |     98 |      0 |     84 |      0 |   1 |   98.0 |
               +--------+--------+--------+--------+--------+-----+--------+

Top non-repeatable levels by time:
     D:5: 1496 daAuts
     D:4: 1394 daAuts
     D:6: 1133 daAuts
     D:7: 1048 daAuts
     D:1: 929 daAuts
     D:3: 911 daAuts
     D:2: 883 daAuts
     D:8: 188 daAuts
  Temple: 98 daAuts
